 Dungeon Crawl Stone Soup version 0.19-a0-1714-gcab94ab (webtiles) character file.

908513 TheGoonsmith the Invulnerable (level 27, -24/267 HPs)
             Began as a Hill Orc Fighter on Sept 27, 2016.
             Was the Champion of the Shining One.
             Killed from afar by Ongiemomn the pandemonium lord (38 damage)
             ... with a great icy blast
             ... in Pandemonium on Sept 28, 2016.
             The game lasted 04:14:39 (84319 turns).

TheGoonsmith the Invulnerable (Hill Orc Fighter)   Turns: 84319, Time: 04:14:41

Health: -24/267    AC: 38    Str: 31    XL:     27
Magic:  29/40      EV: 18    Int: 14    God:    the Shining One [******]
Gold:   6799       SH:  0    Dex: 23    Spells: 11 memorised, 17 levels left

rFire  + + .     SeeInvis .     a - +8 executioner's axe (holy)
rCold  + + .     Gourm    .     J - +6 gold dragon armour
rNeg   + + +     Faith    .     (shield currently unavailable)
rPois  +         Spirit   .     C - +0 hat {Int+3}
rElec  +         Dismiss  .     p - +2 cloak {MR+}
rCorr  .         Reflect  .     k - +0 pair of fencer's gloves {+Riposte Dex+6}
MR     +++++     Harm     .     s - +2 pair of boots {run}
Stlth  .......... Clarity  +    q - amulet of the Four Winds {rN+ MR+++ Clar}
                                T - ring of Utyacuf {rElec rPois MR- Str+4 Dex+3}
                                c - ring "Rudghoula" {+Blink rF+ rC+ MR+ Int+2}

@: lethally poisoned (-24 -> -36), frozen, very slightly contaminated, hasted,
glowing, studying Evocations, quick
A: deformed body, slow regeneration 1, MP-powered wands
a: Divine Shield, Cleansing Flame, Summon Divine Warrior, Renounce Religion,
Evoke Blink
}: 7/15 runes: barnacled, slimy, silver, golden, abyssal, demonic, gossamer


You were in Pandemonium.
You worshipped the Shining One.
The Shining One was exalted by your worship.
You were hungry.

You visited 12 branches of the dungeon, and saw 60 of its levels.
You visited Pandemonium 1 time, and saw 3 of its levels.
You visited the Abyss 1 time.
You visited 1 bazaar.
You also visited: Labyrinth, Sewer, Ossuary, Ice Cave, Volcano and Desolation.

You collected 11683 gold pieces.
You spent 4884 gold pieces at shops.

Inventory:

Hand Weapons
 a - a +8 executioner's axe of holy wrath (weapon)
 b - a +9 executioner's axe of chopping
Missiles
 z - 50 silver javelins (quivered)
 A - 10 throwing nets
 B - 13 steel tomahawks
 I - 43 steel javelins
 V - 29 javelins of penetration
Armour
 k - the +0 pair of fencer's gloves (worn) {+Riposte Dex+6}
   (You bought it in a shop in a bazaar)

   It affects your dexterity (+6).
 p - a +2 cloak of magic resistance (worn)
 s - a +2 pair of boots of running (worn)
 C - a +0 hat of intelligence (worn)
 J - a +6 gold dragon armour (worn)
Jewellery
 c - the ring "Rudghoula" (left hand) {+Blink rF+ rC+ MR+ Int+2}
   (You found it on level 13 of the Dungeon)

   [ring of protection from cold]

   It affects your intelligence (+2).
   It protects you from fire.
   It protects you from cold.
   It affects your resistance to hostile enchantments.
   It lets you blink.
 j - the ring of Circularity {rF+ Int+3}
   (You found it on level 3 of the Tomb of the Ancients)

   [ring of protection from fire]

   It affects your intelligence (+3).
   It protects you from fire.
 q - the amulet of the Four Winds (around neck) {rN+ MR+++ Clar}
   (You bought it in a shop on level 1 of the Vaults)

   [amulet of nothing]

   It protects you from negative energy.
   It affects your resistance to hostile enchantments.
   It protects you against confusion.
 t - the ring "Reotezal" {rElec rC+ rN+}
   (You bought it in a shop on level 1 of the Vaults)

   [ring of positive energy]

   It protects you from cold.
   It insulates you from electricity.
   It protects you from negative energy.
 T - the ring of Utyacuf (right hand) {rElec rPois MR- Str+4 Dex+3}
   (You found it in the Desolation of Salt)

   [ring of strength]

   It affects your strength (+4).
   It affects your dexterity (+3).
   It insulates you from electricity.
   It protects you from poison.
   It affects your resistance to hostile enchantments.
Wands
 f - a wand of hasting (3/9)
 m - a wand of teleportation (3/9)
 x - a wand of digging (10/24)
 M - a wand of heal wounds (6/9)
 X - a wand of teleportation (2/9)
Scrolls
 d - 8 scrolls of fog
 h - 11 scrolls of blinking
 l - 4 scrolls of fear
 r - 25 scrolls of identify
 y - 32 scrolls of teleportation
 N - 26 scrolls of remove curse
 R - 9 scrolls of recharging
 Y - 8 scrolls of magic mapping
 Z - a scroll of silence
Potions
 i - 24 potions of curing
 u - 3 potions of resistance
 D - 7 potions of cancellation
 E - 17 potions of flight
 F - 9 potions of might
 G - 9 potions of heal wounds
 L - 4 potions of agility
 S - a potion of cure mutation
 U - 6 potions of haste
Books
 O - a manual of Evocations
Miscellaneous
 g - a lamp of fire
 o - a disc of storms
 w - 6 boxes of beasts
 H - 5 phantom mirrors
 K - a phial of floods
 P - a fan of gales
 W - 3 sacks of spiders
Comestibles
 e - 54 fruits
 v - 13 meat rations


   Skills:
 - Level 25.6 Fighting
 - Level 26.0 Axes
 - Level 17.0 Throwing
 O Level 27 Armour
 - Level 13.4 Dodging
   Level 3.2 Shields
 - Level 13.0 Spellcasting
 - Level 17.0 Charms
 - Level 5.7 Summonings
 - Level 9.7 Translocations
 - Level 16.0 Air Magic
 - Level 8.4 Invocations
 + Level 14.8 Evocations


You had 17 spell levels left.
You knew the following spells:

 Your Spells              Type           Power        Failure   Level  Hunger
a - Regeneration          Chrm/Necr      ####......   4%          3    None
b - Spectral Weapon       Hex/Chrm       ####....     4%          3    None
c - Swiftness             Chrm/Air       ######..     1%          2    None
d - Summon Butterflies    Summ           ####....     4%          1    None
e - Blink                 Tloc           N/A          1%          2    None
f - Repel Missiles        Chrm/Air       ######       1%          2    None
g - Apportation           Tloc           #####.....   1%          1    None
i - Silence               Hex/Air        ####......   43%         5    #####..
j - Passage of Golubria   Tloc           N/A          10%         4    ###....
r - Deflect Missiles      Chrm/Air       ######....   10%         6    ######.
z - Haste                 Chrm           ######..     8%          6    ######.


Dungeon Overview and Level Annotations

Branches:
Dungeon (15/15)            Temple (0/1) D:6            Lair (6/6) D:8
 Shoals (4/4) Lair:2       Spider (4/4) Lair:4        Slime (5/5) Lair:6
    Orc (2/2) D:11            Elf (3/3) Orc:2        Vaults (5/5) D:13
  Crypt (3/3) Vaults:2       Tomb (3/3) Crypt:3      Depths (5/5) D:15
    Zot (5/5) Depths:5

Altars:
Ashenzari
Nemelex Xobeh
Okawaru
Sif Muna
Trog
Vehumet
Xom
Yredelemnul
Zin
The Shining One
Jiyva

Shops:
D:5 ?   D:13 *}   D:14 =   Orc:2 !*}%   Elf:1 *   Elf:2 :   Shoals:2 (
Shoals:4 }*   Vaults:1 =   Vaults:2 (   Vaults:4 [   Depths:1 %

Portals:
Hell: Depths:1 Depths:2 Depths:3 Depths:4 Depths:5
Abyss: Depths:1 Depths:4
Pandemonium: Depths:1 Depths:3 Depths:5
Ziggurat: Depths:3
Trove: D:10 (give 8 potions of haste)

Annotations:
D:1 1 exclusion
D:2 Sigmund
D:14 1 exclusion
Spider:3 1 exclusion
Slime:5 2 exclusions
Elf:3 1 exclusion
Tomb:3 5 exclusions
Depths:2 exclusions: 2 hell hounds and 1 more exclusion


Innate Abilities, Weirdness & Mutations

Armour fits poorly on your strangely shaped body.
You regenerate slowly when monsters are visible.
You expend magic power (3 MP) to strengthen your wands.


Message History

The poison arrow hits you!
You are more poisoned.
You partially resist.
* * * LOW HITPOINT WARNING * * *
You hit Ongiemomn.
Ongiemomn convulses.
Ongiemomn is severely wounded.
You are engulfed in freezing vapours.
You resist.
* * * LOW HITPOINT WARNING * * *
Ongiemomn gestures at you.
Ongiemomn conjures a mighty blast of ice!
The great icy blast engulfs you! You partially resist.
* * * LOW HITPOINT WARNING * * *
You hear a shout!
You feel much better.
You are engulfed in freezing vapours.
You resist.
* * * LOW HITPOINT WARNING * * *
You feel sick. Ongiemomn gestures at you.
Ongiemomn conjures a mighty blast of ice!
The great icy blast engulfs you! You partially resist.
You die...

#.#######...###.#
#.###..(6.......#
#########.##...########.#
#..........(...# ###
#.#######.#.(..#
#.#.......#.#.##
######.#(####..#(#.#
.....#.#.# #..#&#.#
####.#.#.# ##..#@#.#
#[.#.#.#.###...#§#..
#..............#§###
#..#.#.#.......#§#
##...#.#...#####§#
..##.#.#....[..§§#
#.#..#...#.#######
#.####.#.#.# ######
.....#.#.#.# #.# #.....


You could see Ongiemomn.

Vanquished Creatures
  the Royal Jelly (Slime:5)
  2 pandemonium lords (Pan)
  9 orbs of fire
  4 ancient liches
  Mara (Depths:2)
  A juggernaut (Depths:2)
  Sojobo (Depths:2)
  30 greater mummies
  Bai Suzhen (Crypt:3)
  Saint Roka (Vaults:2)
  8 Killer Klowns (Zot:5)
  2 curse toes
  A caustic shrike (Depths:3)
  9 golden dragons
  A profane servitor (Crypt:3)
  The ghost of Oroborous the Warrior, an adept DsFE of Qazlal (Depths:3)
  6 liches
  A Brimstone Fiend (Pan)
  2 bone dragons
  A pearl dragon (Depths:4)
  Rupert (D:15)
  3 electric golems
  An Ice Fiend (Pan)
  Jorgrun (Elf:2)
  The ghost of AlphabetPasta the Metallomancer, an adept GrEE of Vehumet (Vaults:1)
  5 Hell Sentinels (Pan)
  10 tentacled monstrosities
  7 deep elf master archers
  3 quicksilver dragons (Vaults:5)
  9 deep elf blademasters
  25 Orb Guardians (Zot:5)
  15 titans
  16 acid blobs
  The ghost of RonnieColeman the Eclecticist, an adept OpCj of Vehumet (Desolation)
  3 Executioners (Pan)
  3 krakens (Shoals:2)
  The ghost of slenderog the Warrior, an adept MiBe of Trog (Spider:2)
  Polyphemus (Shoals:4)
  14 storm dragons
  3 ancient champions
  Frances (D:13)
  4 draconian monks
  9 sphinxes
  3 shadow dragons
  12 death cobs
  7 tengu reavers
  2 tentacled starspawn (Abyss:4)
  Donald (Spider:2)
  3 daevas (Depths:4)
  Ilsuiw (Shoals:4)
  7 azure jellies
  21 frost giants
  An iron dragon (Depths:4)
  Aizul (Depths:2)
  3 revenants
  20 fire giants
  3 balrugs (Pan)
  9 draconian knights
  6 deep elf sorcerers
  3 orc warlords
  A blood saint (Pan)
  9 draconian scorchers
  The ghost of TheGoonsmith the Devastator, a journeyman DEFE of Vehumet (Spider:1)
  An imperial myrmidon (Desolation)
  11 ghost moths
  19 vault wardens
  5 draconian shifters
  A curse skull (Crypt:2)
  8 draconian annihilators
  12 draconian zealots
  Louise (Elf:2)
  4 cacodemons (Pan)
  9 deep elf elementalists
  21 ironheart preservers
  A spriggan defender (Depths:2)
  A ghoul (Crypt:3)
  A caustic shrike zombie (Crypt:1)
  A warmonger (Pan)
  5 emperor scorpions
  The ghost of chequers the Nimble, a journeyman DEFE of Kikubaaqudgha (Shoals:1)
  A reaper (Pan)
  2 war gargoyles (Vaults:5)
  4 angels
  4 draconian callers
  21 very ugly things
  The ghost of Ryco the Severer, a journeyman MiBe of Trog (Lair:6)
  11 green draconians
  8 bennus
  8 deep elf demonologists
  8 vampire knights
  33 stone giants
  9 purple draconians
  16 black draconians
  3 corrupters (Pan)
  5 chaos champions (Pan)
  A spectral titan (Crypt:3)
  7 entropy weavers
  A lorocyproca (Pan)
  12 deep elf annihilators
  A spark wasp (shapeshifter) (Vaults:5)
  11 yellow draconians
  2 halazid warlocks (Desolation)
  12 red draconians
  8 white draconians
  2 black suns (Pan)
  13 mottled draconians
  5 eidola
  8 spark wasps
  10 merfolk javelineers
  3 blizzard demons
  22 mummy priests
  10 deep elf death magi
  3 crystal guardians (Desolation)
  7 death oozes (Slime:5)
  14 ettins
  5 ragged hierophants (Desolation)
  20 fire dragons
  The ghost of alcopop the Geomancer, a journeyman SpEE of Ashenzari (Volcano)
  7 deep elf high priests
  10 merfolk impalers
  A minotaur (Lab)
  13 great orbs of eyes
  A green death (Pan)
  4 rakshasas
  20 jiangshi
  6 peacekeepers (Desolation)
  22 yaktaur captains
  Harold (Lair:3)
  20 ice dragons
  34 vault guards
  The ghost of TheGoonsmith the Geomancer, a journeyman GrEE of Vehumet (Lair:1)
  9 servants of whispers (Desolation)
  10 hydras
  The ghost of alcopop the Geomancer, a journeyman SpEE of Ashenzari (Lair:2)
  4 merfolk avatars
  A hell beast (Pan)
  2 catoblepae
  The ghost of Ryco the Cleaver, a journeyman DsGl of Hepliaklqana (Lab)
  12 death knights
  3 merfolk aquamancers (Shoals:4)
  3 monstrous demonspawn (Pan)
  10 centaur warriors
  4 spriggan air magi
  11 deep troll shamans
  5 tengu warriors
  29 death scarabs
  A thrashing horror (Abyss:4)
  13 ogre magi
  3 vampire magi
  10 death yaks
  28 dancing weapons
  14 deep troll earth magi
  13 sun demons
  The ghost of slenderog the Magician, a novice HuWn of Sif Muna (D:9)
  5 spriggan berserkers
  15 large abominations
  11 soul eaters
  Sonja (D:13)
  A wretched star (Abyss:4)
  5 sixfirhies (Pan)
  31 deep elf knights
  A fire crab (shapeshifter) (Depths:3)
  2 storm dragon skeletons
  A salamander mystic (Depths:2)
  9 hell knights
  4 unseen horrors
  A quicksilver dragon simulacrum (Crypt:3)
  38 skeletal warriors
  4 shadow wraiths
  10 sea snakes
  4 iron trolls
  9 flayed ghosts
  6 cherubim (Depths:4)
  3 gelid demonspawn (Pan)
  An infernal demonspawn (Pan)
  A sea snake (shapeshifter) (Vaults:5)
  A swamp dragon (shapeshifter) (Vaults:4)
  An entropy weaver zombie (Spider:2)
  25 deep elf archers
  A putrid demonspawn (Pan)
  2 torturous demonspawn (Pan)
  An orange crystal statue (Depths:1)
  2 wizards
  49 deep trolls
  2 anaconda zombies
  5 hill giants
  5 glowing orange brains
  21 ironbrand convokers
  12 shadow demons (Pan)
  A spectral wolf spider (Crypt:3)
  A mana viper (shapeshifter) (Vaults:5)
  20 harpies
  15 phantasmal warriors
  7 necromancers
  3 tengu skeletons
  35 wolf spiders
  An iron dragon zombie (Tomb:2)
  23 orb spiders
  5 wolf spider zombies (Spider:2)
  A wolf spider (shapeshifter) (Vaults:5)
  6 shining eyes
  70 deep elf magi
  6 orc sorcerers
  16 orc knights
  3 moths of wrath (shapeshifter)
  2 frost giant zombies
  3 fauns
  13 manticores
  43 slime creatures
  2 salamanders (Depths:2)
  A salamander (shapeshifter) (Depths:2)
  7 hornets
  37 ugly things
  18 moths of wrath
  7 cyclopes
  2 worldbinders (Abyss:4)
  2 apocalypse crabs (Abyss:4)
  15 vault sentinels
  A stone giant skeleton (Vaults:2)
  A guardian serpent (shapeshifter) (Vaults:4)
  4 smoke demons
  8 guardian serpents
  4 sirens
  7 water nymphs
  A molten gargoyle (Desolation)
  3 black mambas
  2 rust devils
  2 centaur skeletons
  3 frost giant skeletons
  Psyche (D:8)
  2 ice statues (IceCv)
  7 small abominations
  6 orange demons
  A torpor snail (Spider:4)
  An eye of devastation (Slime:5)
  3 gargoyles
  A storm dragon simulacrum (Depths:2)
  5 spiny frogs
  4 rime drakes
  6 komodo dragons
  A white draconian zombie (Crypt:1)
  19 freezing wraiths
  3 komodo dragons (shapeshifter)
  An efreet (D:14)
  19 demonic crawlers
  An emperor scorpion zombie (Spider:2)
  A yaktaur zombie (Depths:1)
  3 hellions (Pan)
  8 hellwings
  A redback zombie (Spider:2)
  An ice devil (Depths:3)
  47 guardian mummies
  4 tormentors
  3 yaktaur skeletons (Vaults:2)
  52 yaktaurs
  5 tengu conjurers
  2 ancient zymes (Abyss:4)
  10 red devils
  36 jumping spiders
  11 trolls
  4 wind drakes
  A merfolk (shapeshifter) (Vaults:5)
  2 trolls (shapeshifter)
  2 meliai (shapeshifter)
  A jumping spider (shapeshifter) (Vaults:5)
  3 polar bears (Lair:6)
  38 merfolk
  A queen bee (Lair:3)
  A harpy zombie (Vaults:1)
  A queen bee (shapeshifter) (Vaults:4)
  A hornet zombie (D:14)
  3 jumping spider zombies (Spider:2)
  A two-headed ogre (shapeshifter) (Vaults:4)
  A harpy skeleton (Crypt:2)
  3 tarantella zombies (Spider:2)
  A guardian serpent zombie (Crypt:1)
  A hydra skeleton (Tomb:1)
  A minotaur skeleton (Lab)
  15 blink frogs
  29 two-headed ogres
  13 hippogriffs
  4 dream sheep (Lair:4)
  53 saltlings (Desolation)
  2 meliai zombies
  8 snapping turtles
  2 ice dragon zombies
  91 flying skulls
  5 shadows
  An ice dragon skeleton (Crypt:2)
  An ettin skeleton (Depths:1)
  16 spriggans
  The ghost of myxocpahck the Stinger, an amateur DEVM (Ossuary)
  3 wyverns
  3 vampires (Volcano)
  17 wraiths
  A tarantella (shapeshifter) (Vaults:3)
  10 ynoxinuls (Pan)
  83 redbacks
  A basilisk (Lair:6)
  6 air elementals
  17 water elementals
  4 fire bats (Depths:2)
  A wind drake zombie (Crypt:1)
  A dire elephant simulacrum (Tomb:1)
  7 fire elementals
  25 ushabtiu
  6 golden eyes
  A yak (shapeshifter) (Vaults:1)
  10 chaos spawn
  A black mamba skeleton (Crypt:2)
  A steam dragon (shapeshifter) (Vaults:5)
  25 yaks
  31 tarantellas
  A yaktaur simulacrum (Vaults:1)
  2 basilisks (shapeshifter)
  3 hungry ghosts
  8 neqoxecs
  11 vampire mosquitoes
  A wind drake skeleton (Crypt:1)
  3 mottled dragons
  Menkaure (D:4)
  A warg (shapeshifter) (Vaults:2)
  3 soldier ants (Spider:2)
  A harpy simulacrum (Crypt:3)
  A human zombie (Depths:2)
  Duvessa (D:6)
  4 wargs
  A deep troll zombie (Vaults:1)
  8 hydra simulacra (Depths:2)
  7 water moccasins
  An orb spider zombie (Spider:2)
  6 porcupines
  2 sky beasts
  50 orc warriors
  A monstrous demonspawn skeleton (Crypt:2)
  21 ice beasts
  A black bear (shapeshifter) (Vaults:1)
  A fire dragon simulacrum (Depths:1)
  A manticore zombie (Tomb:2)
  2 eyes of draining
  3 black bears (Lair:6)
  64 ogres
  10 wasps
  An elf skeleton (Vaults:2)
  6 necrophages
  10 human skeletons
  22 centaurs
  22 wolves
  20 boggarts
  10 crocodiles
  5 big kobolds
  Blork the orc (D:6)
  2 earth elementals
  23 bullfrogs
  A gnoll sergeant (D:6)
  A salamander skeleton (Crypt:1)
  A hippogriff skeleton (Crypt:1)
  Dowan (D:6)
  A wyvern skeleton (D:13)
  14 scorpions
  3 human simulacra (Vaults:2)
  A swamp dragon simulacrum (Tomb:3)
  40 killer bees
  2 yak skeletons
  4 wights (D:9)
  3 electric eels
  2 howler monkeys (D:7)
  10 crimson imps
  A lava snake (D:12)
  12 starcursed masses
  4 centaur zombies
  2 bullfrog skeletons
  A wasp zombie (Crypt:2)
  10 hounds
  5 jellies
  11 orc priests
  An iron imp (Depths:1)
  31 orc wizards
  13 iguanas
  25 worker ants
  6 hound skeletons
  3 hound zombies
  50 mummies
  Robin (D:2)
  3 gnolls (D:6)
  16 adders
  88 river rats
  4 shadow imps
  13 white imps
  3 oozes
  A halfling zombie (Crypt:1)
  3 adder skeletons
  3 adder zombies
  3 worms
  A dart slug (D:2)
  6 leopard geckos
  123 orcs
  4 ball pythons
  6 bats
  A bat skeleton (Crypt:2)
  7 giant cockroaches
  8 hobgoblins
  9 quokkas
  A ball python skeleton (Crypt:2)
  9 frilled lizards
  A giant cockroach zombie (Crypt:1)
  11 gnoll skeletons (Ossuary)
  8 goblins (D:2)
  29 kobolds
  4 kobold skeletons (Ossuary)
  A leopard gecko skeleton (D:7)
  11 orc skeletons
  A quokka skeleton (D:3)
  A quokka zombie (D:6)
  10 rats
  10 crawling corpses
  7 fungi
  A lurking horror (Abyss:4)
  22 plants
  3 starspawn tentacles (Abyss:4)
  10 tentacles (Shoals:2)
3637 creatures vanquished.

Vanquished Creatures (others)
  A titan (Tomb:1)
  A kraken (Shoals:2)
  A draconian knight (Zot:5)
  A draconian shifter (Zot:5)
  A blood saint (Pan)
  A halazid warlock (Desolation)
  A yellow draconian (Zot:5)
  An ettin (Vaults:5)
  42 death scarabs
  2 deep elf knights (Depths:5)
  A harpy (Shoals:2)
  3 deep elf magi (Elf:1)
  A moth of wrath (Zot:5)
  A demonic crawler (Spider:4)
  2 jumping spiders (Spider:4)
  Prince Ribbit (D:6)
  A snapping turtle (Shoals:2)
  8 flying skulls
  A fire elemental (Elf:1)
  A tarantella (Spider:4)
  3 boggarts (Vaults:3)
  A mummy (Tomb:2)
  A ball lightning (Tomb:3)
  A fire vortex (Depths:2)
  A fungus (Lair:6)
  7 plants
  3 starspawn tentacles (Abyss:4)
  11 tentacles (Shoals:2)
100 creatures vanquished.

Grand Total: 3737 creatures vanquished

Notes
Turn   | Place    | Note
-------+----------+-------------------------------------------
     0 | D:1      | TheGoonsmith the Hill Orc Fighter began the quest for the Orb.
     0 | D:1      | Reached XP level 1. HP: 19/19 MP: 1/1
   217 | D:1      | Reached XP level 2. HP: 27/27 MP: 2/2
   580 | D:2      | Reached XP level 3. HP: 28/33 MP: 3/3
   647 | D:2      | Noticed Sigmund
   998 | D:2      | Noticed Robin
  1019 | D:2      | Reached skill level 5 in Axes
  1019 | D:2      | Reached XP level 4. HP: 20/40 MP: 4/4
  1036 | D:2      | Killed Robin
  1471 | D:2      | Found a glowing silver altar of Zin.
  1542 | D:2      | Found a shimmering altar of Xom.
  1857 | D:3      | Reached XP level 5. HP: 47/47 MP: 5/5
  2356 | D:4      | Noticed an ogre
  2364 | D:4      | Killed an ogre
  2364 | D:4      | Reached skill level 5 in Fighting
  2364 | D:4      | Reached XP level 6. HP: 25/56 MP: 6/6
  2573 | D:4      | Noticed Menkaure
  2583 | D:4      | Killed Menkaure
  2682 | D:4      | Reached XP level 7. HP: 41/62 MP: 7/7
  2989 | D:5      | Entered Level 5 of the Dungeon
  2989 | D:5      | Found Uweuc's Magic Scroll Shop.
  2996 | D:5      | Bought a scroll of blinking for 90 gold pieces
  2996 | D:5      | Bought a scroll of identify for 24 gold pieces
  2996 | D:5      | Bought a scroll of identify for 24 gold pieces
  2998 | D:5      | Found an iron altar of Okawaru.
  3021 | D:5      | Became a worshipper of Warmaster Okawaru
  3751 | D:5      | Reached XP level 8. HP: 64/71 MP: 8/8
  3928 | D:5      | Reached skill level 10 in Axes
  4098 | D:6      | Noticed Duvessa
  4098 | D:6      | Noticed Dowan
  4105 | D:6      | Killed Duvessa
  4105 | D:6      | Reached * piety under Okawaru
  4114 | D:6      | Killed Dowan
  4138 | D:6      | Noticed Blork the orc
  4141 | D:6      | Found a glowing golden altar of the Shining One.
  4146 | D:6      | Killed Blork the orc
  4158 | D:6      | Found a glowing drain.
  4173 | Sewer    | Entered a sewer
  4419 | D:6      | Found a sand-covered staircase.
  4428 | Ossuary  | Entered an ossuary
  4428 | Ossuary  | Noticed a wraith
  4428 | Ossuary  | Noticed a wraith
  4428 | Ossuary  | Noticed a wraith
  4476 | Ossuary  | Noticed a wraith
  4481 | Ossuary  | Noticed myxocpahck's ghost (amateur DEVM)
  4496 | Ossuary  | Killed myxocpahck's ghost
  4496 | Ossuary  | Reached ** piety under Okawaru
  4686 | Ossuary  | Killed a wraith
  4686 | Ossuary  | Reached XP level 9. HP: 56/82 MP: 9/9
  5585 | D:6      | Noticed Prince Ribbit
  5596 | D:6      | Killed Prince Ribbit
  5616 | D:6      | Found a staircase to the Ecumenical Temple.
  6701 | D:7      | Found a bloodstained altar of Trog.
  6791 | D:7      | Reached *** piety under Okawaru
  6816 | D:7      | Reached skill level 10 in Fighting
  6941 | D:7      | Reached XP level 10. HP: 93/93 MP: 10/10
  7228 | D:8      | Found a radiant altar of Vehumet.
  7653 | D:8      | Noticed Psyche
  7664 | D:8      | Killed Psyche
  7933 | D:8      | Reached skill level 15 in Axes
  8059 | D:8      | Found a staircase to the Lair.
  8448 | D:9      | Reached **** piety under Okawaru
  8637 | D:9      | Noticed slenderog's ghost (novice HuWn)
  8664 | D:9      | Killed slenderog's ghost
  8664 | D:9      | Reached skill level 4 in Armour
  9013 | D:9      | Found a sparkling altar of Nemelex Xobeh.
  9173 | D:9      | Reached skill level 5 in Armour
  9184 | D:9      | Noticed a manticore
  9201 | D:9      | Killed a manticore
  9201 | D:9      | Reached skill level 6 in Armour
  9201 | D:9      | Reached XP level 11. HP: 22/102 MP: 11/11
  9448 | D:10     | Entered Level 10 of the Dungeon
  9574 | D:9      | Got an ichor-stained ring mail
  9593 | D:9      | Identified the +4 ring mail of Philately {rCorr} (You found it on level 9 of the Dungeon)
  9714 | Lair:1   | Entered Level 1 of the Lair of Beasts
  9729 | D:8      | Reached skill level 7 in Armour
  9734 | D:8      | Reached ***** piety under Okawaru
  9764 | D:8      | Reached skill level 8 in Armour
 10012 | Lair:1   | Got a scorched chain mail
 10023 | Lair:1   | Identified the cursed +1 chain mail of Grace {rC+ Dex+3} (You found it on level 1 of the Lair of Beasts)
 10082 | Lair:1   | Noticed a six-headed hydra
 10106 | Lair:1   | Noticed TheGoonsmith's ghost (journeyman GrEE)
 10131 | Lair:1   | Killed TheGoonsmith's ghost
 10131 | Lair:1   | Reached skill level 9 in Armour
 10271 | Lair:1   | Received a gift from Okawaru
 10278 | Lair:1   | Got a dazzling battleaxe {god gift}
 10279 | Lair:1   | Identified the +4 battleaxe of the Shore {flame, rC+ Int+8} (Okawaru gifted it to you on level 1 of the Lair of Beasts)
 10330 | Lair:1   | Killed a one-headed hydra
 10446 | Lair:1   | Noticed a seven-headed hydra
 10455 | Lair:1   | Killed a three-headed hydra
 10792 | Lair:2   | Reached skill level 5 in Invocations
 10833 | Lair:2   | Found a dark tunnel.
 10841 | Volcano  | Entered a volcano
 10885 | Volcano  | Noticed alcopop's ghost (journeyman SpEE)
 10921 | Volcano  | Killed alcopop's ghost
 10921 | Volcano  | Reached XP level 12. HP: 69/110 MP: 15/17
 11400 | Lair:2   | Noticed alcopop's ghost (journeyman SpEE)
 11421 | Lair:2   | Killed alcopop's ghost
 11808 | Lair:2   | Reached ****** piety under Okawaru
 11833 | Lair:2   | Got a slimy mace
 11834 | Lair:2   | Identified the +12 mace "Qivokibi" {crush, *Drain rElec rF+++ MR++} (You found it on level 2 of the Lair of Beasts)
 12085 | Lair:2   | Found a staircase to the Shoals.
 12150 | Lair:3   | Found a frozen archway.
 12157 | Lair:3   | Received a gift from Okawaru
 12202 | IceCv    | Entered an ice cave
 12398 | IceCv    | Noticed an ice dragon
 12399 | IceCv    | Noticed an ice dragon
 12411 | IceCv    | Killed an ice dragon
 12415 | IceCv    | Killed an ice dragon
 12483 | IceCv    | Got a wavering turquoise ring
 12487 | IceCv    | Got a brightly glowing steel ring
 12492 | IceCv    | Identified the ring "Ocrorchun" {Ice Int+4 SInv Stlth+} (You found it in an ice cave)
 12494 | IceCv    | Identified the ring "Otiwoseb" {AC+1 Int+4} (You found it in an ice cave)
 12899 | Lair:3   | Reached XP level 13. HP: 105/116 MP: 19/19
 12904 | Lair:3   | Received a gift from Okawaru
 12928 | Lair:3   | Identified a +2 pair of boots of running (Okawaru gifted it to you on level 3 of the Lair of Beasts)
 13174 | Lair:3   | Noticed Harold
 13184 | Lair:3   | Killed Harold
 13871 | Lair:4   | Reached skill level 10 in Armour
 14119 | Lair:4   | Found a hole to the Spider Nest.
 14437 | Lair:5   | Reached skill level 1 in Throwing
 15183 | Lair:6   | Entered Level 6 of the Lair of Beasts
 15255 | Lair:6   | Noticed Ryco's ghost (journeyman MiBe)
 15267 | Lair:6   | Killed Ryco's ghost
 15310 | Lair:6   | Reached skill level 5 in Throwing
 15336 | Lair:6   | Received a gift from Okawaru
 15381 | Lair:6   | Reached XP level 14. HP: 89/126 MP: 12/20
 15388 | Lair:6   | Received a gift from Okawaru
 15443 | Lair:6   | Got a bloodstained ring mail {god gift}
 15455 | Lair:6   | Identified the +1 ring mail of Lesser Demons {*Corrode Int+6} (Okawaru gifted it to you on level 6 of the Lair of Beasts)
 15619 | Lair:6   | Found a runed door.
 15619 | Lair:6   | Found a viscous altar of Jiyva.
 15629 | Lair:6   | Found a staircase to the Slime Pits.
 16424 | Lair:1   | Learned a level 3 spell: Regeneration
 16428 | Lair:1   | Learned a level 3 spell: Spectral Weapon
 17011 | D:10     | Found a portal to a secret trove of treasure.
 17258 | D:11     | Found a staircase to the Orcish Mines.
 17569 | Orc:1    | Entered Level 1 of the Orcish Mines
 17621 | Orc:1    | Noticed a stone giant
 17631 | Orc:1    | Killed a stone giant
 17631 | Orc:1    | Reached skill level 10 in Throwing
 17741 | Orc:2    | Entered Level 2 of the Orcish Mines
 17801 | Orc:2    | Found a staircase to the Elven Halls.
 17827 | Orc:2    | Received a gift from Okawaru
 17957 | Orc:2    | Found Xydob's Gadget Shoppe.
 17957 | Orc:2    | Found Biocuit's Food Boutique.
 18087 | Orc:2    | Received a gift from Okawaru
 18109 | Orc:2    | Found Xogroax's General Store.
 18109 | Orc:2    | Found Iskaurgh's Distillery.
 18122 | Orc:2    | Bought a potion of invisibility for 136 gold pieces
 18123 | Orc:2    | Bought a scroll of teleportation for 45 gold pieces
 18730 | Orc:2    | Bought a potion of might for 68 gold pieces
 18730 | Orc:2    | Bought a potion of might for 68 gold pieces
 18730 | Orc:2    | Bought a potion of curing for 51 gold pieces
 18730 | Orc:2    | Bought a potion of magic for 136 gold pieces
 18730 | Orc:2    | Bought a potion of haste for 170 gold pieces
 18730 | Orc:2    | Bought a potion of curing for 51 gold pieces
 18730 | Orc:2    | Bought a potion of heal wounds for 85 gold pieces
 18730 | Orc:2    | Bought a potion of heal wounds for 85 gold pieces
 18730 | Orc:2    | Bought a potion of heal wounds for 85 gold pieces
 18737 | Orc:2    | Bought a scroll of summoning for 142 gold pieces
 18738 | Orc:2    | Bought a box of beasts for 280 gold pieces
 18800 | Orc:1    | Noticed an orc warlord
 18800 | Orc:1    | Noticed an orc warlord
 18813 | Orc:1    | Killed an orc warlord
 18813 | Orc:1    | Reached XP level 15. HP: 70/132 MP: 14/21
 18963 | Orc:1    | Killed an orc warlord
 19428 | D:5      | Bought a scroll of enchant weapon for 90 gold pieces
 19428 | D:5      | Bought a scroll of teleportation for 36 gold pieces
 19428 | D:5      | Bought a scroll of identify for 24 gold pieces
 19428 | D:5      | Bought a scroll of teleportation for 36 gold pieces
 19428 | D:5      | Bought a scroll of teleportation for 36 gold pieces
 19428 | D:5      | Bought a scroll of recharging for 114 gold pieces
 20480 | D:12     | Received a gift from Okawaru
 21246 | D:13     | Found Paugisen's Assorted Antiques.
 21263 | D:13     | Found Linn's Assorted Antiques.
 21290 | D:13     | Found Mihixt's Gadget Emporium.
 21313 | D:13     | Found a labyrinth entrance.
 21321 | Lab      | Entered a labyrinth
 21389 | Lab      | Noticed Ryco's ghost (journeyman DsGl)
 21401 | Lab      | Killed Ryco's ghost
 21454 | Lab      | Received a gift from Okawaru
 22097 | D:13     | Noticed Frances
 22103 | D:13     | Found a radiant altar of Vehumet.
 22110 | D:13     | Killed Frances
 22471 | D:13     | Bought a scroll of enchant armour for 225 gold pieces
 22512 | D:13     | Found a gate to the Vaults.
 22594 | D:13     | Reached skill level 11 in Armour
 22783 | D:13     | Noticed a storm dragon
 22797 | D:13     | Killed a storm dragon
 22809 | D:13     | Identified the cursed +1 bardiche "Ticumyan" {flame, +Inv} (You found it on level 13 of the Dungeon)
 22979 | D:13     | Reached skill level 12 in Armour
 23072 | D:13     | Noticed Sonja
 23076 | D:13     | Killed Sonja
 23132 | D:13     | Got an ancient glass ring
 23198 | D:13     | Identified the ring "Rudghoula" {+Blink rF+ rC+ MR+ Int+2} (You found it on level 13 of the Dungeon)
 23296 | D:14     | Reached XP level 16. HP: 135/146 MP: 22/22
 23459 | D:14     | Received a gift from Okawaru
 23653 | D:14     | Reached skill level 13 in Armour
 23657 | D:14     | Found a shimmering altar of Xom.
 23847 | D:14     | Found Hoduv's Jewellery Boutique.
 24259 | D:15     | Entered Level 15 of the Dungeon
 24750 | D:15     | Found a staircase to the Depths.
 24917 | D:15     | Noticed Rupert
 24930 | D:15     | Killed Rupert
 25144 | D:15     | Received a gift from Okawaru
 25555 | Spider:1 | Entered Level 1 of the Spider Nest
 25770 | Spider:1 | Noticed TheGoonsmith's ghost (journeyman DEFE)
 25793 | Spider:1 | Killed TheGoonsmith's ghost
 25871 | Spider:1 | Received a gift from Okawaru
 26365 | Spider:2 | Reached skill level 15 in Throwing
 26693 | Spider:2 | Reached XP level 17. HP: 142/152 MP: 23/23
 26824 | Spider:2 | Noticed Donald
 26838 | Spider:2 | Killed Donald
 26905 | Spider:2 | Noticed slenderog's ghost (adept MiBe)
 26915 | Spider:2 | Killed slenderog's ghost
 26958 | Spider:2 | Reached skill level 1 in Evocations
 26979 | Spider:2 | Received a gift from Okawaru
 27095 | Spider:2 | Reached skill level 5 in Evocations
 27179 | Spider:2 | Received a gift from Okawaru
 27366 | Spider:2 | Identified the Disquisition on Nocuous Clay
 28020 | Spider:3 | Received a gift from Okawaru
 28593 | Spider:3 | Received a gift from Okawaru
 29174 | Spider:4 | Entered Level 4 of the Spider Nest
 29270 | Spider:4 | Received a gift from Okawaru
 29934 | Spider:4 | Received a gift from Okawaru
 29948 | Spider:4 | Identified a -3 rod of clouds (12/12) (You found it on level 3 of the Spider Nest)
 30042 | Spider:4 | Reached skill level 10 in Evocations
 30307 | Spider:3 | Reached XP level 18. HP: 142/160 MP: 25/25
 30773 | Spider:4 | Received a gift from Okawaru
 30970 | Spider:4 | Reached XP level 19. HP: 167/167 MP: 27/27
 30975 | Spider:4 | Got a gossamer rune of Zot
 31500 | Lair:1   | Learned a level 2 spell: Blink
 31503 | Lair:1   | Learned a level 2 spell: Repel Missiles
 31506 | Lair:1   | Learned a level 2 spell: Swiftness
 31567 | Shoals:1 | Entered Level 1 of the Shoals
 31767 | Shoals:1 | Reached skill level 14 in Armour
 32222 | Shoals:1 | Noticed chequers's ghost (journeyman DEFE)
 32243 | Shoals:1 | Killed chequers's ghost
 32703 | Shoals:2 | Found Zukiro's Weapon Shoppe.
 32900 | Shoals:2 | Reached skill level 15 in Armour
 33014 | Shoals:2 | Received a gift from Okawaru
 33020 | Shoals:2 | Got a heavily runed gold dragon armour {god gift}
 33031 | Shoals:2 | Identified the +0 gold dragon armour "Ymomuvikk" {+Inv rPois rF+ rC+ MP-9 Int+6} (Okawaru gifted it to you on level 2 of the Shoals)
 33614 | Shoals:3 | Reached skill level 16 in Armour
 33877 | Shoals:3 | Identified Tulugext's Grimoire of Snow
 33937 | Shoals:4 | Entered Level 4 of the Shoals
 34369 | Shoals:4 | Found Giutuanu's Assorted Antiques.
 34558 | Shoals:4 | Bought a scroll of blinking for 195 gold pieces
 34558 | Shoals:4 | Bought a scroll of blinking for 195 gold pieces
 34588 | Shoals:4 | Found Pacyur's Gadget Shoppe.
 34959 | Shoals:4 | Reached skill level 17 in Armour
 35001 | Shoals:4 | Reached XP level 20. HP: 174/174 MP: 29/29
 35011 | Shoals:4 | Got a barnacled rune of Zot
 35184 | Shoals:4 | Noticed Polyphemus
 35201 | Shoals:4 | Killed Polyphemus
 35288 | Shoals:4 | Noticed Ilsuiw
 35313 | Shoals:4 | Received a gift from Okawaru
 35873 | Shoals:4 | Killed Ilsuiw
 35873 | Shoals:4 | Reached skill level 18 in Armour
 36048 | Shoals:4 | Identified the Guide on the Lucky Mountains
 36631 | D:11     | Received a gift from Okawaru
 36696 | Vaults:1 | Entered Level 1 of the Vaults
 36895 | Vaults:1 | Reached skill level 15 in Fighting
 37236 | Vaults:1 | Received a gift from Okawaru
 37243 | Vaults:1 | Noticed AlphabetPasta's ghost (adept GrEE)
 37280 | Vaults:1 | Killed AlphabetPasta's ghost
 37547 | Vaults:1 | Received a gift from Okawaru
 37801 | Vaults:1 | Received a gift from Okawaru
 38218 | Vaults:1 | Reached XP level 21. HP: 143/192 MP: 20/30
 38470 | Vaults:1 | Found Taydur's Jewellery Emporium.
 38505 | Vaults:1 | Bought the amulet of the Four Winds {rN+ MR+++ Clar} for 418 gold pieces
 38752 | Vaults:2 | Reached skill level 19 in Armour
 38960 | Vaults:2 | Noticed Saint Roka
 38991 | Vaults:2 | Killed Saint Roka
 39001 | Vaults:2 | Found Heuxeh's Antique Weapon Shoppe.
 39020 | Vaults:2 | Found a ruined gateway.
 39027 | Desolati | Entered the Desolation of Salt
 39614 | Desolati | Noticed RonnieColeman's ghost (adept OpCj)
 39629 | Desolati | Killed RonnieColeman's ghost
 39654 | Desolati | Received a gift from Okawaru
 40137 | Desolati | Received a gift from Okawaru
 40553 | Desolati | Received a gift from Okawaru
 40570 | Desolati | Got a bone battleaxe {god gift}
 40574 | Desolati | Identified the +9 battleaxe of Impatience {vamp, Int+3 Dex-2} (Okawaru gifted it to you in the Desolation of Salt)
 40948 | Desolati | Identified Ockemaav's Grimoire of the Equator
 41050 | Desolati | Identified the Grimoire of the Supportive Glacier
 41058 | Desolati | Got a fine lapis lazuli ring
 41061 | Desolati | Identified the ring of Utyacuf {rElec rPois MR- Str+4 Dex+3} (You found it in the Desolation of Salt)
 42036 | Vaults:2 | Reached XP level 22. HP: 196/210 MP: 22/31
 42240 | Vaults:2 | Identified a scroll of acquirement
 42278 | Vaults:2 | Received a gift from Okawaru
 42459 | Vaults:2 | Received a gift from Okawaru
 42466 | Vaults:2 | Found a staircase to the Crypt.
 42955 | Vaults:3 | Reached skill level 5 in Dodging
 42981 | Vaults:3 | Found a flickering gateway to a bazaar.
 42999 | Bazaar   | Entered a bazaar
 42999 | Bazaar   | Found Boonlure's Antique Weapon Boutique.
 42999 | Bazaar   | Found Offo's Weapon Shop.
 42999 | Bazaar   | Found Siashe's Antique Armour Shop.
 43009 | Bazaar   | Bought the +0 pair of fencer's gloves {+Riposte Dex+6} for 795 gold pieces
 43339 | Vaults:3 | Reached skill level 20 in Armour
 43417 | Vaults:3 | Identified a -1 rod of shadows (10/10) (You took it off a frost giant on level 2 of the Vaults)
 43591 | Vaults:3 | Received a gift from Okawaru
 44429 | Vaults:4 | Received a gift from Okawaru
 44450 | Vaults:4 | Got a steaming hat {god gift}
 44451 | Vaults:4 | Identified the +0 hat "Urac" {rC- MP+9 Dex+4} (Okawaru gifted it to you on level 4 of the Vaults)
 44508 | Vaults:4 | Reached XP level 23. HP: 222/222 MP: 32/32
 44739 | Vaults:4 | Found Teduck's Antique Armour Emporium.
 45459 | Depths:1 | Entered Level 1 of the Depths
 45530 | Depths:1 | Found a gateway to Hell.
 45580 | Depths:1 | Found a one-way gate to the infinite horrors of the Abyss.
 45704 | Depths:1 | Reached skill level 21 in Armour
 45710 | Depths:1 | Got a pair of ichor-stained boots
 45721 | Depths:1 | Identified the +1 pair of boots "Qysmesm" {rElec rC+} (You acquired it on level 1 of the Depths)
 45776 | Depths:1 | Found a one-way gate leading to the halls of Pandemonium.
 45861 | Depths:1 | Found Nevoetir's Food Shop.
 45988 | Depths:2 | Received a gift from Okawaru
 46438 | Depths:2 | Noticed Sojobo
 46468 | Depths:2 | Killed Sojobo
 46604 | Depths:2 | Noticed Mara
 46613 | Depths:2 | Noticed TheGoonsmith's illusion
 46622 | Depths:2 | Killed Mara
 46746 | Depths:2 | Received a gift from Okawaru
 47159 | Depths:2 | Reached XP level 24. HP: 194/233 MP: 21/32
 47176 | Depths:2 | Noticed a juggernaut
 47187 | Depths:2 | Killed a juggernaut
 47265 | Depths:2 | Noticed Aizul
 47279 | Depths:2 | Killed Aizul
 47327 | Depths:2 | Found a shimmering altar of Xom.
 47634 | Depths:3 | Found a gateway to a ziggurat.
 47704 | Depths:3 | Got a slimy bronze amulet
 47706 | Depths:3 | Identified the amulet "Iniethriu" {Reflect rPois rC- SH+3 Stlth+} (You found it on level 3 of the Depths)
 47762 | Depths:3 | Received a gift from Okawaru
 47772 | Depths:3 | Noticed a caustic shrike
 47780 | Depths:3 | Killed a caustic shrike
 47950 | Depths:3 | Got a translucent plate armour
 47965 | Depths:3 | Identified the +9 plate armour "Raimnull" {rF+ Regen+ Stlth+} (You found it on level 3 of the Depths)
 48922 | Depths:4 | Received a gift from Okawaru
 49091 | Depths:4 | Received a gift from Okawaru
 49721 | Depths:4 | Found a glowing silver altar of Zin.
 50222 | Depths:5 | Entered Level 5 of the Depths
 50370 | Depths:5 | Reached XP level 25. HP: 236/240 MP: 31/32
 50418 | Depths:5 | Received a gift from Okawaru
 50770 | Depths:5 | Found a gate to the Realm of Zot.
 50846 | Depths:5 | Received a gift from Okawaru
 50955 | Depths:5 | Found a shattered altar of Ashenzari.
 51211 | Depths:3 | Noticed Oroborous's ghost (adept DsFE)
 51590 | Elf:1    | Entered Level 1 of the Elven Halls
 51685 | Elf:1    | Found Zihug's Assorted Antiques.
 51693 | Elf:1    | Bought a scroll of blinking for 195 gold pieces
 51693 | Elf:1    | Bought a scroll of teleportation for 78 gold pieces
 52452 | Elf:2    | Found Emug Zecw's Book Shoppe.
 52590 | Elf:2    | Found a runed gate.
 52590 | Elf:2    | Found a runed gate.
 52590 | Elf:2    | Found a runed gate.
 52921 | Elf:2    | Found a deep blue altar of Sif Muna.
 52976 | Elf:2    | Noticed Jorgrun
 52990 | Elf:2    | Killed Jorgrun
 53168 | Elf:2    | Noticed Louise
 53174 | Elf:2    | Killed Louise
 53176 | Elf:2    | Reached skill level 10 in Dodging
 53203 | Elf:2    | Received a gift from Okawaru
 53316 | Elf:3    | Entered Level 3 of the Elven Halls
 53363 | Elf:3    | Reached skill level 22 in Armour
 53462 | Elf:3    | Reached XP level 26. HP: 251/251 MP: 15/32
 53502 | Elf:3    | Received a gift from Okawaru
 53540 | Elf:3    | Identified the Disquisition on the Assistive Arsonist
 53557 | Elf:3    | Got a wavering iron ring
 53561 | Elf:3    | Got a glittering steel ring
 53579 | Elf:3    | Identified the Compendium of Transmutation and Augmentations
 53593 | Elf:3    | Identified the ring of Lugonu's Indignation {Ice Int+2 Dex+4 Stlth+} (You took it off a deep elf elementalist on level 3 of the Elven Halls)
 53596 | Elf:3    | Identified the ring "Yzxudow" {rF+ Slay+2} (You found it on level 3 of the Elven Halls)
 53638 | Elf:3    | Got a fine bronze ring
 53654 | Elf:3    | Got a flickering lead ring
 53766 | Elf:3    | Identified the ring of Divine Intervention {Ice rN+ Int+4 Dex+5} (You took it off a deep elf demonologist on level 3 of the Elven Halls)
 53767 | Elf:3    | Identified the ring of Ebae {MR+ Dex+3} (You took it off a deep elf annihilator on level 3 of the Elven Halls)
 53860 | Elf:3    | Got a brightly glowing glass ring
 53867 | Elf:3    | Identified the ring "Narieq" {*Drain rPois rN+ Dex+4 SInv} (You took it off a deep elf mage on level 3 of the Elven Halls)
 53874 | Elf:3    | Got a distressingly furry helmet
 53875 | Elf:3    | Identified the cursed -5 helmet "Funwu" {MP+9} (You found it on level 3 of the Elven Halls)
 54711 | Depths:3 | Killed Oroborous's ghost
 54930 | Lair:1   | Learned a level 6 spell: Deflect Missiles
 55191 | Vaults:5 | Entered Level 5 of the Vaults
 55209 | Vaults:5 | Received a gift from Okawaru
 55230 | Vaults:5 | Noticed an ancient lich
 55243 | Vaults:5 | Killed an ancient lich
 55247 | Vaults:5 | Received a gift from Okawaru
 55273 | Vaults:5 | Reached skill level 23 in Armour
 55384 | Vaults:5 | Got a silver rune of Zot
 55394 | Vaults:5 | Reached XP level 27. HP: 264/264 MP: 24/32
 55417 | Vaults:5 | Received a gift from Okawaru
 56100 | Vaults:5 | Got a heavily runed gossamer ring
 56133 | Vaults:5 | Identified the ring "Moefiaradd" {rCorr rElec rC- Dex+8} (You took it off a vault sentinel on level 5 of the Vaults)
 56711 | Slime:1  | Entered Level 1 of the Pits of Slime
 56713 | Slime:1  | Gained mutation: Your body sometimes deteriorates upon taking damage. [a shining eye]
 56776 | Slime:2  | Gained mutation: You are frail. (-10% HP) [a shining eye]
 56778 | Slime:2  | Gained mutation: Your spells are a little easier to cast, but a little less powerful. [a shining eye]
 56831 | Slime:5  | Entered Level 5 of the Pits of Slime
 56853 | Slime:5  | Gained mutation: You are dopey. (Int -2) [a shining eye]
 56862 | Slime:5  | Reached skill level 24 in Armour
 57027 | Slime:5  | Found a viscous altar of Jiyva.
 57049 | Slime:5  | Received a gift from Okawaru
 57101 | Slime:5  | Noticed the Royal Jelly
 57130 | Slime:5  | Killed the Royal Jelly
 57213 | Slime:5  | Learned a level 1 spell: Apportation
 57215 | Slime:5  | Learned a level 1 spell: Summon Butterflies
 57282 | Slime:5  | Got a slimy rune of Zot
 57828 | Lair:1   | Identified a +3 rod of ignition (10/10) (You found it on level 5 of the Pits of Slime)
 57829 | Lair:1   | Identified a +2 rod of inaccuracy (13/13) (You found it on level 5 of the Pits of Slime)
 57839 | Lair:1   | Upgraded the game from 0.19-a0-1704-gbd66c22 to 0.19-a0-1711-gbbe854a
 57839 | Lair:1   | Upgraded the game from 0.19-a0-1711-gbbe854a to 0.19-a0-1714-gcab94ab
 58108 | Elf:3    | Got a steaming scale mail
 58109 | Elf:3    | Identified the +8 scale mail of Lugonu's Approval {rElec rC- Int+8 Dex-5} (You found it on level 3 of the Elven Halls)
 58450 | Vaults:4 | Bought an encrusted scale mail for 333 gold pieces
 58450 | Vaults:4 | Identified the +5 scale mail of the Orcish Mines {rC+ MR+ Int+3 Dex+3} (You bought it in a shop on level 4 of the Vaults)
 58987 | Depths:1 | Voluntarily entered the Abyss.
 59219 | Abyss:4  | Found a corrupted altar of Lugonu.
 59242 | Abyss:4  | Gained mutation: Potions and wands are less effective at restoring your health. [a neqoxec]
 59285 | Abyss:4  | Reached skill level 25 in Armour
 59292 | Abyss:4  | Paralysed by you for 3 turns
 59355 | Abyss:4  | Got an abyssal rune of Zot
 59370 | Depths:1 | Escaped the Abyss
 59683 | Zot:1    | Entered Level 1 of the Realm of Zot
 59691 | Zot:1    | Received a gift from Okawaru
 59738 | Zot:1    | Noticed an orb of fire
 59743 | Zot:1    | Lost mutation: Potions and wands are less effective at restoring your health. [an orb of fire]
 59750 | Zot:1    | Killed an orb of fire
 59750 | Zot:1    | Reached skill level 26 in Armour
 59839 | Zot:1    | Received a gift from Okawaru
 60493 | Zot:2    | Reached skill level 27 in Armour
 60493 | Zot:2    | Reached skill level 1 in Translocations
 60503 | Zot:2    | Got a faintly humming plate armour
 60504 | Zot:2    | Identified the +8 plate armour "Wociasif" {+Blink rN+} (You found it on level 2 of the Realm of Zot)
 60505 | Zot:2    | Noticed an orb of fire
 60506 | Zot:2    | Gained mutation: Armour fits poorly on your strangely shaped body. [an orb of fire]
 60507 | Zot:2    | Gained mutation: Scrolls take you a little longer to read. [an orb of fire]
 60515 | Zot:2    | Gained mutation: You are weak. (Str -2) [an orb of fire]
 60523 | Zot:2    | Killed an orb of fire
 60523 | Zot:2    | Reached skill level 1 in Spellcasting
 60759 | Zot:2    | Got a warped amber ring
 60762 | Zot:2    | Identified the ring of Miracles {MR- Str+2 Int+2 Dex+6 Stlth+} (You found it on level 2 of the Realm of Zot)
 60849 | Zot:2    | Reached skill level 5 in Translocations
 61092 | Zot:3    | Received a gift from Okawaru
 61563 | Zot:3    | Received a gift from Okawaru
 61611 | Zot:3    | Received a gift from Okawaru
 61754 | Zot:3    | Reached skill level 5 in Spellcasting
 61835 | Zot:3    | Received a gift from Okawaru
 61892 | Zot:4    | Noticed an orb of fire
 61904 | Zot:4    | Killed an orb of fire
 61965 | Zot:4    | Reached skill level 1 in Charms
 61965 | Zot:4    | Reached skill level 1 in Air Magic
 62227 | Zot:4    | Received a gift from Okawaru
 62341 | Zot:4    | Received a gift from Okawaru
 62734 | Zot:5    | Entered Level 5 of the Realm of Zot
 62860 | Zot:5    | Reached skill level 5 in Charms
 62861 | Zot:5    | Received a gift from Okawaru
 62952 | Zot:5    | Received a gift from Okawaru
 63135 | Zot:5    | Reached skill level 5 in Air Magic
 64325 | Zot:5    | Noticed an orb of fire
 64334 | Zot:5    | Gained mutation: Scrolls take you longer to read. [an orb of fire]
 64339 | Zot:5    | Noticed an orb of fire
 64346 | Zot:5    | Killed an orb of fire
 64367 | Zot:5    | Killed an orb of fire
 64430 | Zot:5    | Noticed an orb of fire
 64432 | Zot:5    | Noticed an orb of fire
 64442 | Zot:5    | Killed an orb of fire
 64459 | Zot:5    | Noticed an orb of fire
 64459 | Zot:5    | Gained mutation: You tend to lose your temper in combat. [an orb of fire]
 64461 | Zot:5    | Noticed an orb of fire
 64461 | Zot:5    | Killed an orb of fire
 64474 | Zot:5    | Gained mutation: You expend magic power (3 MP) to strengthen your wands. [an orb of fire]
 64484 | Zot:5    | Killed an orb of fire
 64484 | Zot:5    | Received a gift from Okawaru
 64497 | Zot:5    | HP: 2/240 [death cob (22)]
 64498 | Zot:5    | Gained mutation: You are clumsy. (Dex -2) [an orb of fire]
 64514 | Zot:5    | HP: 5/240 [death cob (10)]
 64519 | Zot:5    | HP: 8/240 [orb of fire/bolt of fire (20)]
 64760 | Zot:5    | Gained mutation: You often lose your temper in combat. [an orb of fire]
 64768 | Zot:4    | Lost mutation: Your spells are a little easier to cast, but a little less powerful. [an orb of fire]
 64769 | Zot:4    | Gained mutation: Your magical capacity is low. (-10% MP) [an orb of fire]
 64783 | Zot:4    | Killed an orb of fire
 64783 | Zot:4    | Received a gift from Okawaru
 65296 | Zot:5    | Noticed an ancient lich
 65311 | Zot:5    | Received a gift from Okawaru
 65328 | Zot:5    | Received a gift from Okawaru
 65336 | Zot:5    | Killed an ancient lich
 65336 | Zot:5    | Received a gift from Okawaru
 65397 | Zot:5    | Reached skill level 10 in Charms
 65581 | Zot:5    | Received a gift from Okawaru
 65794 | Zot:5    | Reached skill level 10 in Air Magic
 66709 | Lair:1   | Lost mutation: Your magical capacity is low. (-10% MP) [potion of cure mutation]
 66709 | Lair:1   | Lost mutation: Scrolls take you longer to read. [potion of cure mutation]
 66709 | Lair:1   | Lost mutation: Scrolls take you a little longer to read. [potion of cure mutation]
 66709 | Lair:1   | Lost mutation: You are dopey. (Int -2) [potion of cure mutation]
 66709 | Lair:1   | Lost mutation: You are weak. (Str -2) [potion of cure mutation]
 66710 | Lair:1   | Lost mutation: You are frail. (-10% HP) [potion of cure mutation]
 66710 | Lair:1   | Lost mutation: You are clumsy. (Dex -2) [potion of cure mutation]
 66710 | Lair:1   | Lost mutation: You often lose your temper in combat. [potion of cure mutation]
 66710 | Lair:1   | Lost mutation: You tend to lose your temper in combat. [potion of cure mutation]
 66711 | Lair:1   | Lost mutation: Armour fits poorly on your strangely shaped body. [potion of cure mutation]
 66712 | Lair:1   | Lost mutation: You expend magic power (3 MP) to strengthen your wands. [potion of cure mutation]
 66712 | Lair:1   | Lost mutation: Your body sometimes deteriorates upon taking damage. [potion of cure mutation]
 66802 | D:6      | Fell from the grace of Okawaru
 66802 | D:6      | Became a worshipper of the Shining One
 67584 | Crypt:1  | Entered Level 1 of the Crypt
 67630 | Crypt:1  | Reached * piety under the Shining One
 67690 | Crypt:1  | Reached ** piety under the Shining One
 67974 | Crypt:1  | Found a basalt altar of Yredelemnul.
 67997 | Crypt:1  | Reached *** piety under the Shining One
 68337 | Crypt:2  | Reached **** piety under the Shining One
 68429 | Crypt:2  | Reached ***** piety under the Shining One
 68851 | Crypt:3  | Entered Level 3 of the Crypt
 68883 | Crypt:3  | Reached ****** piety under the Shining One
 69109 | Crypt:3  | Found a basalt altar of Yredelemnul.
 69231 | Crypt:3  | Noticed Bai Suzhen
 69247 | Crypt:3  | Killed Bai Suzhen
 69349 | Crypt:3  | Reached skill level 10 in Spellcasting
 69365 | Crypt:3  | Found a staircase to the Tomb.
 69365 | Crypt:3  | Noticed an ancient lich
 69373 | Crypt:3  | Killed an ancient lich
 69394 | Crypt:3  | Identified the Grimoire of Unholy Arts
 71090 | Lair:1   | Identified a +8 executioner's axe of holy wrath (a +6 executioner's axe of electrocution blessed by the Shining One)
 71090 | Lair:1   | Received a gift from the Shining One
 71613 | Tomb:1   | Entered Level 1 of the Tomb of the Ancients
 71783 | Tomb:1   | Noticed a greater mummy
 71796 | Tomb:1   | Killed a greater mummy
 71804 | Tomb:1   | Noticed a greater mummy
 71813 | Tomb:1   | Killed a greater mummy
 72414 | Tomb:2   | Noticed a greater mummy
 72414 | Tomb:2   | Noticed an ancient lich
 72417 | Tomb:2   | Noticed a greater mummy
 72418 | Tomb:2   | Noticed a greater mummy
 72668 | Tomb:1   | Killed an ancient lich
 72852 | Tomb:2   | Killed a greater mummy
 72858 | Tomb:1   | Killed a greater mummy
 73180 | Tomb:2   | Killed a greater mummy
 73588 | Tomb:1   | Noticed a greater mummy
 73590 | Tomb:1   | Noticed a greater mummy
 73594 | Tomb:1   | Killed a greater mummy
 73598 | Tomb:1   | Killed a greater mummy
 73606 | Tomb:1   | Noticed a greater mummy
 73609 | Tomb:1   | Noticed a greater mummy
 73612 | Tomb:1   | Noticed a greater mummy
 73614 | Tomb:1   | HP: 8/265 [greater mummy/divine providence (9)]
 73887 | Tomb:2   | Killed a greater mummy
 73984 | Tomb:1   | Noticed a greater mummy
 73988 | Tomb:1   | Killed a greater mummy
 73991 | Tomb:1   | Killed a greater mummy
 73991 | Tomb:1   | Reached skill level 15 in Charms
 73997 | Tomb:1   | Killed a greater mummy
 74003 | Tomb:1   | Noticed a greater mummy
 74018 | Tomb:1   | Killed a greater mummy
 74150 | Tomb:1   | Noticed a greater mummy
 74156 | Tomb:1   | Killed a greater mummy
 74194 | Tomb:1   | Noticed a greater mummy
 74204 | Tomb:1   | Killed a greater mummy
 74205 | Tomb:1   | Noticed a greater mummy
 74214 | Tomb:1   | Noticed a greater mummy
 74217 | Tomb:1   | Killed a greater mummy
 74218 | Tomb:1   | Noticed a greater mummy
 74220 | Tomb:1   | Noticed a greater mummy
 74225 | Tomb:1   | Killed a greater mummy
 74230 | Tomb:1   | Killed a greater mummy
 74240 | Tomb:1   | Killed a greater mummy
 74387 | Tomb:1   | Noticed a greater mummy
 74399 | Tomb:1   | Killed a greater mummy
 74538 | Tomb:1   | Noticed a greater mummy
 74549 | Tomb:1   | Noticed a greater mummy
 74550 | Tomb:1   | Killed a greater mummy
 74563 | Tomb:1   | Killed a greater mummy
 74646 | Tomb:1   | Was forgiven by Okawaru
 74931 | Tomb:3   | Entered Level 3 of the Tomb of the Ancients
 75047 | Tomb:3   | Noticed a greater mummy
 75049 | Tomb:3   | Noticed a greater mummy
 75119 | Tomb:3   | Noticed a greater mummy
 75120 | Tomb:3   | Noticed a greater mummy
 75122 | Tomb:3   | Killed a greater mummy
 75454 | Tomb:2   | Reached skill level 15 in Air Magic
 75654 | Tomb:2   | Killed a greater mummy
 75823 | Tomb:2   | Killed a greater mummy
 76011 | Tomb:3   | Reached skill level 1 in Summonings
 76205 | Tomb:2   | Killed a greater mummy
 76582 | Tomb:3   | Noticed a greater mummy
 77207 | Tomb:3   | Killed a greater mummy
 77207 | Tomb:3   | Reached skill level 5 in Summonings
 77296 | Tomb:3   | Noticed a greater mummy
 77303 | Tomb:3   | Noticed a greater mummy
 77309 | Tomb:3   | Killed a greater mummy
 77318 | Tomb:3   | Killed a greater mummy
 77542 | Tomb:3   | Noticed a greater mummy
 77559 | Tomb:3   | Killed a greater mummy
 77684 | Tomb:3   | Noticed a greater mummy
 77695 | Tomb:3   | Killed a greater mummy
 77927 | Tomb:3   | Identified Sif Muna's Incunabulum of Flamy Augmentations
 77937 | Tomb:3   | Learned a level 6 spell: Haste
 77943 | Tomb:3   | Learned a level 5 spell: Silence
 77994 | Tomb:3   | Learned a level 4 spell: Passage of Golubria
 78010 | Tomb:3   | Got a steaming golden ring
 78012 | Tomb:3   | Identified the ring of Circularity {rF+ Int+3} (You found it on level 3 of the Tomb of the Ancients)
 78092 | Tomb:3   | Got a golden rune of Zot
 81007 | Vaults:1 | Bought the ring "Reotezal" {rElec rC+ rN+} for 574 gold pieces
 81208 | Pan      | Entered Pandemonium
 81366 | Pan      | Found an exit through the horrors of the Abyss.
 81367 | Pan      | Gained mutation: You regenerate slowly when monsters are visible. [a cacodemon]
 81533 | Pan      | Noticed Ojuomnoy the pandemonium lord
 81571 | Pan      | Killed Ojuomnoy the pandemonium lord
 82266 | Pan      | Found an exit through the horrors of the Abyss.
 82451 | Pan      | Noticed Remitu the pandemonium lord
 82458 | Pan      | Paralysed by a floating eye for 3 turns
 82470 | Pan      | Killed Remitu the pandemonium lord
 82491 | Pan      | Got a demonic rune of Zot
 83319 | Pan      | Found an exit through the horrors of the Abyss.
 83465 | Pan      | Noticed Ongiemomn the pandemonium lord
 84031 | Pan      | Gained mutation: You expend magic power (3 MP) to strengthen your wands. [a cacodemon]
 84033 | Pan      | Gained mutation: Armour fits poorly on your strangely shaped body. [a cacodemon]
 84318 | Pan      | HP: 2/267 [Ongiemomn the pandemonium lord/great icy blast (35)]
 84319 | Pan      | Killed from afar by Ongiemomn the pandemonium lord

Vault maps used:
D:1:      matt_arrival_los_fun, moated_statue, due_unseen_surprise
D:2:      xom_teletrap_fun, overflow_temple_1_default,
          nicolae_overflow_hidden_temple, first_bread, uniq_sigmund, uniq_robin
D:3:      st_stairs_9
D:4:      minmay_three_crescents, uniq_menkaure
D:5:      okawaru_trees_1, serial_shops, shop
D:6:      portal_sewer_entry_d, enter_ossuary_1, tso_metal_star,
          uniq_blork_the_orc, uniq_duvessa, uniq_prince_ribbit1
D:7:      basic_altar, grunt_tough_drop
D:8:      lemuel_doored_altar, lair_0_dummy, uniq_psyche
D:9:      nemelex_altar_shiori
D:10:     nicolae_trove_entry_crystal, blue_anna_alchemist
D:11:     orc_0_dummy
D:12:     nicolae_lava_and_water
D:13:     minmay_box_of_curves, david_vaults_5, basic_altar, lab_entry_generic,
          serial_shops, nicolae_shop_behind_doors, shop,
          nicolae_shop_waterfront, uniq_frances, uniq_sonja
D:14:     serial_shops, shop, serial_bayou_lagoon_a,
          minmay_guarded_unrand_variability
D:15:     grunt_enter_depths_giant_problem, uniq_rupert
Lair:1:   infiniplex_staircase_pool
Lair:2:   minmay_shoals_entry_hut, lightli_volcano_entry_magma_tube,
          grunt_forest_small_clearing_treed, grunt_megastairs_1
Lair:3:   special_room, portal_ice_cave_entry_imps, uniq_harold
Lair:4:   spider_nest_entry_a
Lair:5:   serial_bayou_shore_b, infiniplex_staircase_pool_2, grunt_megastairs_2
Lair:6:   minmay_lair_end_enchanted_forest, slime_altar_2
Shoals:1: nicolae_shoals_wave_tunnel
Shoals:2: serial_shops, nicolae_shop_window_shopping,
          nicolae_shoals_kraken_party
Shoals:4: shoals_end_simple, shoals_ilsuiw_alternative, serial_shops,
          shop_fountains, nicolae_shop_stone, uniq_polyphemus
Spider:2: hangedman_creepy_crawlies, uniq_donald
Spider:3: hangedman_spider_tarantella_strand, nicolae_spider_cling_ruins
Spider:4: spider_rune_water, guppyfry_spider_mini_1
Slime:2:  cheibrodos_slime_lost_civilization_5
Orc:2:    st_orc_ogre_mass, special_room
Elf:1:    elf_arrival_002, serial_shops, shop, minivault_28,
          roderic_lattice_octagonal_star
Elf:2:    serial_shops, nicolae_shop_behind_doors, lemuel_blue_sif_altar,
          uniq_louise, uniq_jorgrun
Elf:3:    grunt_elf_hall_spiral
Vaults:1: ontoclasm_vaults_tryst, v_rooms_2, hangedman_vaults_nails,
          vaults_room_pools, v_misc_8, nicolae_vaults_what_the_h,
          nicolae_vaults_know_your_exits, v_misc_2,
          nicolae_vaults_network_barrier, v_pattern_3,
          nicolae_vaults_little_squares_5, serial_shops, shop
Vaults:2: st_octagons_1, minmay_crypt_entry_skeletal_spiral, grunt_vaults_focal,
          nicolae_vaults_theta, grunt_vaults_swirl, nicolae_vaults_puzzle_piece,
          hangedman_vaults_corner, nicolae_vaults_mini_display_case,
          v_pattern_4, v_alt_pattern_2, portal_desolation_entry_ruin,
          serial_shops, shop, uniq_saint_roka
Vaults:3: hangedman_vaults_nails, v_misc_15, ontoclasm_vaults_gateway,
          vaults_room_stairs_pillars, ontoclasm_vaults_ligature,
          ontoclasm_vaults_eye, nicolae_vaults_asterisk, grunt_vaults_twisty,
          grunt_vaults_funnel, serial_shops, freezing_bzr
Vaults:4: vaults_mumra_minichess, nicolae_vaults_network_quincunx,
          nicolae_vaults_meeting, vaults_room_large_hall,
          vaults_room_mumra_shop_pool, vaults_mumra_hexcomb,
          hangedman_vaults_nails, ontoclasm_vaults_chip,
          nicolae_vaults_network_quinsquares
Crypt:1:  grunt_ministairs_3, nicolae_crypt_little_mausoleum,
          grunt_crypt_arrival_webbed
Crypt:3:  grunt_crypt_end_deaths_head, uniq_bai_suzhen
Depths:1: serial_shops, kennysheep_mini, rand_demon_pan_entry_8, hell_entry,
          minmay_misc_feat_diagonals, abyss_entry_small_statue_room,
          dpeg_stationary_puzzle
Depths:2: cheibrodos_hall_of_evolution, old_standard_altar, hellmouth_3,
          infiniplex_staircase_pool_1, serial_bayou_shore_b, grunt_megastairs_4,
          uniq_mara, uniq_sojobo, uniq_aizul
Depths:3: evilmike_pillar_path, ziggurat_fallback, hangedman_coc_ice_floe,
          rand_demon_pan_entry_9, moated_statue
Depths:4: evilmike_silver_temple, abyss_entry, hangedman_tar_grid_catacomb
Depths:5: evilmike_zot_entry_hall, evilmike_ruin_ashenzari,
          rand_demon_pan_entry_7, hell_entry
Zot:2:    grunt_megastairs_3
Zot:3:    st_stairs_8
Zot:5:    st_stairs_8, guppyfry_library_mini
Abyss:1:  hangedman_decor_points
Abyss:2:  hangedman_summoners_spam, hangedman_decor_riveting
Abyss:3:  evilmike_abyss_rune_tso_outpost, evilmike_abyss_exit_17
Abyss:4:  evilmike_nicolae_abyss_rune_containment_curve
Pan:      rand_demon_6, grunt_pan_sceptre, evilmike_mini_pan_T
Lab:      labyrinth_watery, nicolae_lab_x, lab_hedge, nicolae_lab_statue,
          labyrinth_skeletal_remains, nicolae_lab_diamond
Bazaar:   bazaar_outfitter
Sewer:    kennysheep_pipe_town
Ossuary:  ossuary_due_mausoleum
IceCv:    ice_cave_small_dragons
Volcano:  volcano_tomb

Skill      XL: |  1  2  3  4  5  6  7  8  9 10 11 12 13 14 15 16 17 18 19 20 21 22 23 24 25 26 27 |
---------------+----------------------------------------------------------------------------------+-----
Axes           | 3 4 5 7 8 9 12 14 16 19 20 22 25 26 | 26.0
Fighting       | 4 5 6 8 10 11 12 14 17 20 21 22 23 24 25 | 25.6
Armour         | 6 9 10 12 13 17 18 19 20 21 22 23 27 | 27.0
Dodging        | 4 6 8 10 12 13 | 13.4
Invocations    | 6 8 |  8.4
Throwing       | 6 11 12 15 16 17 | 17.0
Evocations     | 10 11 12 14 | 14.8
Translocations | 9 |  9.7
Spellcasting   | 13 | 13.0
Charms         | 17 | 17.0
Air Magic      | 16 | 16.0
Summonings     | 5 |  5.7
Shields        | |  3.2

Action                   |  1- 3 |  4- 6 |  7- 9 | 10-12 | 13-15 | 16-18 | 19-21 | 22-24 | 25-27 || total
-------------------------+-------+-------+-------+-------+-------+-------+-------+-------+-------++-------
Melee: War axe           |    98 |   152 |   431 |   383 |       |       |       |       |       ||  1064
       Dire flail        |       |       |    12 |       |       |       |       |       |       ||    12
       Punch             |       |       |     1 |       |       |       |       |       |       ||     1
       Battleaxe         |       |       |       |   301 |  1117 |  1102 |  1777 |   893 |   434 ||  5624
       Executioner's axe |       |       |       |       |       |       |       |   698 |  3687 ||  4385
Throw: Tomahawk          |       |     1 |       |    10 |     6 |    80 |    17 |       |       ||   114
       Javelin           |       |       |       |       |       |     2 |    12 |       |   228 ||   242
 Cast: Repel Missiles    |       |       |       |       |       |       |       |       |     5 ||     5
       Haste             |       |       |       |       |       |       |       |       |     2 ||     2
       Apportation       |       |       |       |       |       |       |       |       |     1 ||     1
       Deflect Missiles  |       |       |       |       |       |       |       |       |     1 ||     1
Invok: Heroism           |       |       |     1 |     3 |     4 |     5 |     7 |     2 |     2 ||    24
       Finesse           |       |       |       |       |     4 |     5 |     7 |     2 |     5 ||    23
       Brand Weapon With |       |       |       |       |       |       |       |       |     1 ||     1
 Abil: Evoke Invisibilit |       |       |       |       |       |     2 |     3 |       |       ||     5
Evoke: Wand              |       |       |       |       |       |     1 |    25 |     1 |     2 ||    29
       Sack of spiders   |       |       |       |       |       |       |       |       |     1 ||     1
  Use: Scroll            |       |     9 |    10 |     4 |    18 |     7 |    11 |    14 |    31 ||   104
       Potion            |       |     1 |     4 |       |       |     3 |     3 |     1 |    21 ||    33
 Stab: Invisible         |       |       |       |       |       |    18 |    16 |       |       ||    34
       Held in net/web   |       |       |       |       |       |     1 |       |       |       ||     1
       Petrified         |       |       |       |       |       |       |    11 |       |       ||    11
       Distracted        |       |       |       |       |       |       |     1 |       |       ||     1
       Petrifying        |       |       |       |       |       |       |     1 |       |       ||     1
  Eat: Chunk             |       |     6 |    15 |    12 |    21 |    15 |    17 |    13 |    25 ||   124
       Bread ration      |       |       |     1 |     2 |     1 |     1 |       |     1 |     6 ||    12
       Beef jerky        |       |       |       |       |     1 |       |     1 |     1 |     2 ||     5
       Pizza             |       |       |       |       |     1 |       |     3 |     2 |     1 ||     7
       Meat ration       |       |       |       |       |     1 |     1 |     3 |     2 |     7 ||    14
       Royal jelly       |       |       |       |       |       |       |     2 |       |     7 ||     9
       Fruit             |       |       |       |       |       |       |       |       |    14 ||    14
Armor: Scale mail        |    41 |       |       |       |       |       |       |       |       ||    41
       Chain mail        |    23 |    96 |   279 |   275 |   192 |       |       |       |       ||   865
       Plate armour      |       |       |       |    44 |       |       |       |   216 |  1880 ||  2140
       Ring mail         |       |       |       |    34 |       |       |       |       |       ||    34
       Skin              |       |       |       |     1 |       |       |       |       |       ||     1
       Gold dragon armou |       |       |       |       |   195 |       |       |       |   165 ||   360
       Crystal plate arm |       |       |       |       |   111 |  1264 |  1832 |   889 |       ||  4096
Dodge: Dodged            |    56 |    57 |   176 |   338 |   454 |   411 |   600 |   701 |  2262 ||  5055
       Deflected         |       |       |       |       |       |       |       |       |    30 ||    30
